Map: Backwater LE

Players

JimRising

  • Race: Zerg Zerg
  • League: Grandmaster
  • Spawn Location: 5:00

Kelazhur - Winner!

  • Race: Terran Terran
  • League: Diamond
  • Spawn Location: 11:00

VOD

Have the link to the VOD?

Description

Time

  • Played on: Feb. 3, 2018, 2:46 p.m.
  • Length: 9:25
Show
View Real Time Build Order
Export as new Build Order

JimRising Zerg 

Build Orders: Hatch First 

Get SALT Encoding   

  12  0:01  Drone  
  13  0:12  Overlord  
  13  0:16  Drone  
  14  0:30  Drone x2  
  14  0:35  Drone  
  17  0:52  Hatchery  
  17  0:55  Drone  
  17  1:09  Spawning Pool  
  17  1:11  Drone  
  17  1:14  Drone  
  18  1:19  Extractor  
  18  1:20  Drone  
  18  1:28  Drone  
  19  1:42  Overlord  
  19  1:49  Drone  
  20  1:56  Queen  
  22  2:03  Queen  
  22  2:04  Zergling x2  
  22  2:06  Zergling x2  
  26  2:16  Drone x2  
  26  2:20  Metabolic Boost  
  28  2:23  Overlord  
  28  2:31  Drone  
  28  2:36  Queen  
  31  2:42  Queen  
  32  2:49  Overlord  
  32  2:50  Drone x2  
  34  2:53  Drone  
  34  2:57  Drone  
  36  2:58  Drone  
  37  3:08  Drone x3  
  37  3:09  Drone x2  
  42  3:27  Drone x3  
  42  3:29  Hatchery  
  42  3:32  Zergling x4  
  46  3:37  Spine Crawler  
  46  3:39  Queen  
  47  3:43  Overlord  
  47  3:53  Drone x2  
  47  3:54  Overlord  
  49  3:58  Drone x2  
  51  4:06  Overlord  
  51  4:09  Lair  
  51  4:12  Drone, Extractor  
  51  4:13  Drone x2  
  53  4:27  Baneling Nest  
  53  4:28  Drone x4  
  53  4:29  Drone x5  
  61  4:39  Spore Crawler  
  61  4:40  Spore Crawler  
  61  4:43  Drone  
  60  4:48  Spore Crawler  
  60  4:52  Drone x4  
  62  4:53  Drone x4  
  62  5:12  Drone  
  62  5:13  Drone x5, Zergling x2  
  68  5:14  Baneling x2  
  68  5:15  Baneling  
  68  5:20  Zergling x4  
  70  5:23  Overseer  
  70  5:33  Extractor  
  70  5:35  Drone x2  
  70  5:36  Drone  
  70  5:37  Drone  
  70  5:38  Drone, Extractor  
  70  5:39  Spire  
  70  5:42  Drone x2  
  72  5:43  Zergling x2  
  72  5:48  Baneling  
  72  5:49  Baneling x2  
  73  5:52  Extractor x2  
  73  5:53  Drone x2  
  73  5:54  Overlord x4  
  73  5:55  Overlord  
  73  6:14  Drone  
  73  6:15  Drone x3  
  77  6:18  Drone  
  77  6:19  Drone x2  
  77  6:21  Drone x4  
  77  6:22  Zergling x2  
  77  6:23  Zergling x2, Hatchery  
  77  6:24  Overseer  
  85  6:33  Baneling x4  
  85  6:41  Evolution Chamber  
  85  6:42  Evolution Chamber, Overlord  
  83  6:54  Mutalisk x2  
  83  6:55  Mutalisk x5  
  83  7:00  Mutalisk  
  99  7:01  Overlord  
  99  7:12  Zerg Missile Weapons Level 1  
  99  7:13  Drone x3  
  102  7:16  Overlord x2, Zerg Ground Armor Level 1  
  102  7:17  Overlord  
  102  7:20  Drone x2  
  104  7:26  Drone  
  104  7:27  Drone x5  
  110  7:32  Extractor, Hydralisk Den  
  108  7:39  Extractor  
  94  8:02  Drone x3  
  94  8:04  Hydralisk x8  
  94  8:05  Hydralisk x2  
  111  8:16  Drone x4  
  111  8:17  Drone x4  
  118  8:21  Drone  
  118  8:22  Drone x3  
  118  8:24  Hydralisk  
  123  8:28  Queen  
  123  8:31  Extractor  
  124  8:34  Hydralisk  
  124  8:35  Hydralisk x2  
  124  8:36  Zergling x4  
  124  8:37  Zergling x2  
  124  8:38  Overlord  
  125  8:41  Zergling x2  
  125  8:45  Hydralisk  
  124  8:51  Zergling x4  
  124  8:52  Zergling x2  
  124  8:53  Hydralisk  
  125  8:58  Hydralisk x3  
Show
View Real Time Build Order
Export as new Build Order

Kelazhur Terran - Winner!

Build Orders: Reaper Expand, Hellion Banshee, Mech 

Get SALT Encoding   

  12  0:00  SCV  
  13  0:13  SCV  
  14  0:17  Supply Depot  
  14  0:25  SCV  
  15  0:39  SCV  
  15  0:40  Barracks  
  16  0:44  Refinery  
  16  0:51  SCV  
  17  1:03  SCV  
  18  1:15  SCV  
  19  1:27  Reaper, Orbital Command  
  20  1:40  Command Center  
  20  1:49  Supply Depot  
  20  1:53  SCV  
  21  1:59  Marine  
  22  2:03  Factory  
  22  2:07  SCV  
  23  2:11  Refinery  
  23  2:19  SCV  
  23  2:21  Barracks Reactor  
  24  2:31  SCV  
  25  2:43  SCV  
  26  2:49  Starport  
  26  2:53  Orbital Command  
  26  2:55  SCV  
  27  3:02  Hellion x2  
  31  3:07  Barracks Tech Lab  
  31  3:08  SCV  
  32  3:20  SCV  
  32  3:21  SCV  
  32  3:24  Hellion x2  
  38  3:32  SCV  
  38  3:33  Cloaking Field, Banshee  
  38  3:34  SCV  
  43  3:44  SCV  
  43  3:46  SCV  
  45  3:55  Command Center  
  45  3:56  SCV  
  45  3:57  Supply Depot  
  46  4:09  Refinery  
  46  4:10  Refinery  
  46  4:18  Banshee  
  46  4:19  SCV x2, Hellion  
  46  4:22  Supply Depot  
  53  4:27  Supply Depot  
  53  4:31  SCV  
  54  4:44  SCV x2, Hellion x2  
  60  4:49  Supply Depot, Armory  
  60  4:56  SCV x2  
  62  5:06  SCV  
  63  5:08  SCV x2  
  65  5:14  Supply Depot  
  65  5:17  Hellion x2  
  65  5:18  SCV  
  65  5:19  Banshee  
  73  5:21  Barracks Tech Lab  
  73  5:24  SCV, Factory  
  73  5:25  Factory  
  73  5:28  Engineering Bay  
  74  5:29  SCV  
  74  5:33  Orbital Command  
  75  5:38  SCV  
  75  5:39  Hellion x7  
  75  5:41  SCV  
  77  5:50  SCV  
  77  5:53  SCV  
  77  5:54  Hellion x2  
  77  5:56  Terran Vehicle Weapons Level 1  
  83  6:01  Supply Depot  
  83  6:02  SCV  
  84  6:04  SCV  
  84  6:05  SCV  
  84  6:09  Refinery  
  86  6:11  Refinery  
  86  6:12  Supply Depot  
  86  6:14  SCV  
  86  6:16  Starport Reactor  
  87  6:19  Factory  
  87  6:21  Factory, Thor  
  93  6:27  Thor  
  93  6:29  SCV x2  
  93  6:32  SCV  
  102  6:41  Supply Depot, SCV x2  
  102  6:43  Armory  
  102  6:44  SCV  
  105  6:50  Hellion x2  
  105  6:53  SCV x2  
  111  6:56  SCV  
  111  6:58  Infernal Pre-Igniter  
  110  7:05  SCV  
  110  7:07  SCV  
  108  7:08  SCV  
  108  7:09  Factory Tech Lab  
  108  7:10  Medivac x2  
  108  7:11  Factory Reactor  
  108  7:12  Siege Tank x2  
  119  7:17  SCV  
  119  7:19  SCV  
  119  7:21  Supply Depot, Hellion x2  
  119  7:22  Supply Depot  
  125  7:28  Missile Turret  
  125  7:29  Supply Depot  
  125  7:30  Supply Depot  
  125  7:39  SCV x2  
  124  7:46  SCV  
  124  7:49  Siege Tank x3  
  124  7:50  Hellion x3  
  142  7:51  Hellbat  
  142  7:54  SCV  
  143  8:02  Missile Turret, SCV  
  143  8:03  Missile Turret, Viking  
  143  8:05  SCV  
  142  8:12  Missile Turret  
  139  8:14  SCV  
  137  8:20  SCV  
  137  8:21  Siege Tank  
  137  8:24  Siege Tank x2  
  148  8:32  Supply Depot  
  147  8:35  Supply Depot x2  
  147  8:41  Supply Depot  
  144  8:53  Siege Tank  
  144  8:55  Hellion x2  
  153  9:03  Hellion  
  153  9:05  Command Center  
Tags
 
Add a new tag
Caveats
  • Supply blocks, unpowered buildings, or Contaminate may cause inaccurate times.
  • Supply counts are checked every 10 seconds.